 Dungeon Crawl Stone Soup version 0.26-a0-812-g31a745ddcd (webtiles) character file.

Game seed: 8959800232142311298

1551 Borgoz the Ruffian (level 8, -4/71 HPs)
             Began as a Ghoul Gladiator on Dec 5, 2020.
             Was a Priest of Okawaru.
             Slain by Duvessa
             ... wielding a +3 rapier of electrocution
              (12 damage)
             ... on level 5 of the Dungeon.
             The game lasted 00:06:57 (4240 turns).

Borgoz the Ruffian (Ghoul Gladiator)                Turns: 4240, Time: 00:06:58

Health: -4/71      AC:  7    Str: 18    XL:     8   Next: 88%
Magic:  7/7        EV: 14    Int:  3    God:    Okawaru [***...]
Gold:   145        SH:  0    Dex: 12    Spells: 7/7 levels left

rFire    . . .     SeeInvis +     - Unarmed
rCold    + + .     Faith    .   (no shield)
rNeg     + + +     Spirit   .   a - +0 leather armour
rPois    ∞         Reflect  .   w - +2 hat
rElec    .         Harm     .   i - +1 cloak (curse)
rCorr    .         Rampage  .   (no gloves)
MR       .....                  (no boots)
Stlth    +.........             (no amulet)
HPRegen  0.00/turn              h - ring of see invisible
MPRegen  0.10/turn              l - ring of protection from cold

@: mighty
A: rotting body, claws 1, cold resistance 1, negative energy resistance 3,
inhibited regeneration, torment resistance, unbreathing
a: Heroism, Renounce Religion


You were on level 5 of the Dungeon.
You worshipped Okawaru.
Okawaru was most pleased with you.
You visited 1 branch of the dungeon, and saw 5 of its levels.

You collected 343 gold pieces.
You spent 198 gold pieces at shops.

Inventory:

Missiles
 c - 4 throwing nets (quivered)
Armour
 a - a +0 leather armour (worn)
 i - a cursed +1 cloak (worn)
 w - a +2 hat (worn)
Jewellery
 h - a ring of see invisible (left claw)
 l - a ring of protection from cold (right claw)
 p - an uncursed ring of fire
Wands
 m - a wand of digging (6)
 r - a wand of flame (12)
Scrolls
 d - 2 scrolls of enchant armour
 e - a scroll of blinking {unknown}
 f - 3 scrolls of fog {unknown}
 j - 2 scrolls of noise {unknown}
 k - 2 scrolls of fear {unknown}
 n - a scroll of amnesia {unknown}
 s - a scroll of teleportation
 t - 3 scrolls of remove curse {unknown}
 u - 2 scrolls of magic mapping {unknown}
Potions
 q - a potion of curing


   Skills:
 * Level 6.6 Fighting
 - Level 1.7 Throwing
 + Level 3.4 Armour
 * Level 5.8 Dodging
 * Level 7.2 Unarmed Combat


You had 7 spell levels left.
You didn't know any spells.
Your spell library was empty.

Dungeon Overview and Level Annotations

Branches:
Dungeon (5/15)
 Temple: D:4-7

Altars:
Okawaru

Shops:
D:4 *

Annotations:
D:5 Dowan, Duvessa


Innate Abilities, Weirdness & Mutations

Your body is rotting away.
You thrive by killing the living.
You are immune to poison.
You have sharp fingernails.
Your flesh is cold resistant. (rC+)
You are immune to negative energy. (rN+++)
You do not regenerate when monsters are visible.
You are immune to unholy pain and torment.
You can survive without breathing.


Message History

Duvessa hits you with a +3 rapier of electrocution.
* * * LOW HITPOINT WARNING * * *
You miss Duvessa.
Duvessa is almost dead.
Dowan hits you but does no damage. The worker ant bites you.
* * * LOW HITPOINT WARNING * * *
Duvessa hits you with a +3 rapier of electrocution!
* * * LOW HITPOINT WARNING * * *
You barely miss Duvessa.
Duvessa is almost dead.
Duvessa hits you with a +3 rapier of electrocution.
* * * LOW HITPOINT WARNING * * *
The worker ant closely misses you. Dowan hits you with a +0 dagger.
* * * LOW HITPOINT WARNING * * *
You feel less invigorated.
You feel less confused.
Duvessa hits you with a +3 rapier of electrocution.
* * * LOW HITPOINT WARNING * * *
You are electrocuted!
You die...

.... =# .##.>. ##.#..
..#...# ......
#."....##....
....!....... .####
...........# .....
........#..#### #.
....)..@#.....##########
...)..e†................
......Be#.###.## #####.
........#.# #.### ##.
....[...#.# #...## ###..
#########.# ###..###....
#.###..(.....###
###.....##.##..#
##....#####.#..##


You could see Duvessa (fast), Dowan and a worker ant.

Vanquished Creatures
  Pikel (D:4)
  Grinder (D:4)
  Sigmund (D:3)
  A black bear (D:5)
  A sky beast (D:4)
  A centaur (D:5)
  Blork the orc (D:4)
  A bullfrog (D:3)
  A centaur zombie (D:5)
  A hound (D:5)
  2 bullfrog skeletons
  A centaur skeleton (D:5)
  2 orc wizards
  A howler monkey zombie (D:5)
  2 worker ant zombies (D:5)
  8 adders
  2 oozes
  A dart slug (D:3)
  3 leopard geckos
  9 orcs
  4 giant cockroaches
  10 goblins
  6 hobgoblins
  3 jackals (D:3)
  A quokka (D:4)
  4 bats
  5 frilled lizards
  4 kobolds
  A leopard gecko skeleton (D:4)
  A quokka skeleton (D:4)
  A quokka zombie (D:5)
  10 rats
91 creatures vanquished.

Notes
Turn   | Place    | Note
-------+----------+-------------------------------------------
     0 | D:1      | Borgoz the Ghoul Gladiator began the quest for the Orb.
     0 | D:1      | Reached XP level 1. HP: 17/17 MP: 0/0
   303 | D:1      | Reached XP level 2. HP: 25/25 MP: 1/1
  1080 | D:1      | Reached XP level 3. HP: 30/30 MP: 2/2
  1469 | D:2      | Reached skill level 4 in Unarmed Combat
  1721 | D:3      | Reached XP level 4. HP: 38/38 MP: 3/3
  1791 | D:3      | Reached skill level 1 in Armour
  1818 | D:3      | Noticed Sigmund
  1844 | D:3      | Killed Sigmund
  1844 | D:3      | Reached XP level 5. HP: 20/46 MP: 4/4
  1844 | D:3      | Reached XP level 6. HP: 23/52 MP: 5/5
  2184 | D:3      | Found an iron altar of Okawaru.
  2226 | D:3      | Reached skill level 5 in Unarmed Combat
  2385 | D:3      | Became a worshipper of Warmaster Okawaru
  2739 | D:4      | Noticed Pikel
  2766 | D:4      | Killed Pikel
  2766 | D:4      | Reached * piety under Okawaru
  2766 | D:4      | Reached ** piety under Okawaru
  2766 | D:4      | Reached skill level 5 in Fighting
  2766 | D:4      | Reached skill level 6 in Unarmed Combat
  2766 | D:4      | Reached XP level 7. HP: 27/61 MP: 6/6
  2963 | D:4      | Found Amni Yri's Assorted Antiques.
  2969 | D:4      | Bought a scroll labelled XOTAEP CEINN for 18 gold pieces
  2969 | D:4      | Bought a scroll labelled NOAMMO TOUWI for 18 gold pieces
  2969 | D:4      | Bought a scroll labelled XOTAEP CEINN for 18 gold pieces
  2969 | D:4      | Bought a scroll labelled BUAGALOCKI for 18 gold pieces
  2969 | D:4      | Bought a runed hat for 126 gold pieces
  3041 | D:4      | Noticed Blork the orc
  3054 | D:4      | Killed Blork the orc
  3054 | D:4      | Reached skill level 5 in Dodging
  3054 | D:4      | Reached XP level 8. HP: 42/69 MP: 7/7
  3256 | D:4      | Noticed Grinder
  3268 | D:4      | Paralysed by Grinder for 4 turns
  3276 | D:4      | Killed Grinder
  3649 | D:5      | Entered Level 5 of the Dungeon
  4048 | D:5      | Reached *** piety under Okawaru
  4098 | D:5      | Reached skill level 7 in Unarmed Combat
  4222 | D:5      | Noticed Duvessa
  4222 | D:5      | Noticed Dowan
  4240 | D:5      | Slain by Duvessa

Illustrated notes

Levels and vault maps discovered:
D:1:      dpeg_arrival_rooms_with_view, layout_basic, minmay_small_reverse_x
D:2:      layout_loops_ring, nicolae_underground_beach
D:3:      layout_rooms, grunt_ministairs_12, okawaru_gym_becter, uniq_sigmund
D:4:      layout_basic, serial_shops, shop, uniq_pikel, uniq_grinder,
          uniq_blork_the_orc
D:5:      layout_rooms, nicolae_ru_awakened_eye,
          minmay_temple_entry_butterflies, serial_park_tiny_1, uniq_duvessa

Skill      XL: |  1  2  3  4  5  6  7  8 |
---------------+-------------------------+-----
Dodging        | 3 4 5 |  5.8
Fighting       | 3 4 5 6 |  6.6
Unarmed Combat | 4 6 7 |  7.2
Armour         | 1 2 3 |  3.4
Throwing       | |  1.7

Action                   |  1- 3 |  4- 6 |  7- 9 || total
-------------------------+-------+-------+-------++-------
Melee: Unarmed           |   101 |   116 |   137 ||   354
       Punch             |     1 |     2 |     8 ||    11
Throw: Throwing net      |       |     3 |       ||     3
Invok: Heroism           |       |       |     2 ||     2
  Use: Scroll            |       |     2 |     4 ||     6
       Potion            |       |     3 |     3 ||     6
 Stab: Held in net/web   |       |     2 |       ||     2
Armor: Leather armour    |    25 |    17 |    43 ||    85
Dodge: Dodged            |    52 |    78 |   109 ||   239

Table legend: (Time is in decaauts)
 A = Elapsed time spent in this place.
 B = Non-inter-level travel time spent in this place.
 C = Inter-level travel time spent in this place.
 D = Time resting spent in this place.
 E = Time spent auto-exploring this place.
 F = Levels seen in this place.
 G = Mean time per level.
                   A        B        C        D        E       F      G
               +--------+--------+--------+--------+--------+-----+--------+
         Total |   4199 |   4123 |     76 |    936 |   2532 |   5 |  839.8 |
       Dungeon |   4199 |   4123 |     76 |    936 |   2532 |   5 |  839.8 |
               +--------+--------+--------+--------+--------+-----+--------+

Top non-repeatable levels by time:
     D:4: 1389 daAuts
     D:1: 1085 daAuts
     D:3: 817 daAuts
     D:2: 621 daAuts
     D:5: 285 daAuts
